Selects Airborne Battlegroup
Selects Heavy Machine Gun Paradrop
Heavy Machine Gun Paradrop
Heavy Machine Gun Paradrop
Selects Paratrooper Squad Paradrop
Paratrooper Squad Paradrop
Mechanized Support Center
Paratrooper Squad Paradrop
Selects Anti-tank Gun Team Paradrop
Anti-tank Gun Team Paradrop
Construct Medical Station
Anti-tank Gun Team Paradrop
Selects Carpet Bombing Run
Designate Forward Repair Station
M18 Hellcat Tank Destroyer
Paratrooper Squad Paradrop